 Dungeon Crawl Stone Soup version 0.17.1-3-g152610e (webtiles) character file.

224 Gargoyl the Skirmisher (level 5, -8/42 HPs)
             Began as a Demonspawn Abyssal Knight on Feb 22, 2016.
             Was a Follower of Lugonu.
             Mangled by an ogre
             ... wielding a +0 giant spiked club
              (18 damage)
             ... on level 4 of the Dungeon.
             The game lasted 00:04:20 (3574 turns).

Gargoyl the Skirmisher (Demonspawn Abyssal Knight)  Turns: 3574, Time: 00:04:20

Health: -8/42      AC: 10    Str: 14 (18) XL:     5   Next: 67%
Magic:  7/7        EV:  6    Int: 14      God:    Lugonu [*.....]
Gold:   131        SH:  3    Dex: 12      Spells: 0 memorised, 4 levels left

rFire  . . .     SeeInvis .     a - +1 hand axe
rCold  . . .     Clarity  .     g - +0 chain mail
rNeg   . . .     SustAt   .     e - +0 buckler
rPois  .         Gourm    .     (no helmet)
rElec  .         Spirit   .     (no cloak)
rCorr  .         Warding  .     (no gloves)
rMut   .         Stasis   .     k - +0 pair of boots
MR     .....                    (no amulet)
Stlth  ..........               (no ring)
                                (no ring)

@: mighty, not resistant to hostile enchantments, extremely unstealthy
A: claws 1, hooves 2, demonic guardian 1
a: Depart the Abyss, Renounce Religion


You were on level 4 of the Dungeon.
You worshipped Lugonu.
Lugonu was aware of your devotion.
You were not hungry.

You visited 1 branch of the dungeon, and saw 4 of its levels.
You visited the Abyss 1 time.

You collected 131 gold pieces.

Inventory:

Hand Weapons
 a - a +1 hand axe (weapon)
Armour
 e - a +0 buckler (worn)
 g - a +0 chain mail (worn)
 k - a +0 pair of boots (worn)
Scrolls
 d - a scroll of enchant armour {unknown}
 h - a scroll of fog {unknown}
 j - a scroll of random uselessness {unknown}
 n - a scroll of recharging {unknown}
 q - 2 scrolls of identify {unknown}
 r - a scroll of blinking {unknown}
 s - a scroll of teleportation {unknown}
Books
 l - a book of Minor Magic

   Spells                             Type                      Level
   a - Magic Dart                     Conjuration                  1
   b - Blink                          Translocation                2
   c - Call Imp                       Summoning                    2
   d - Repel Missiles                 Charms/Air                   2
   e - Slow                           Hexes                        2
   f - Conjure Flame                  Conjuration/Fire             3
   g - Mephitic Cloud                 Conjuration/Poison/Air       3
Comestibles
 c - 2 bread rations
 o - 2 meat rations


   Skills:
 + Level 3.8 Fighting
 + Level 2.4 Axes
 + Level 3.6 Armour
 + Level 2.2 Dodging
 + Level 0.2 Stealth
 + Level 1.0 Shields
 + Level 2.9 Invocations


You had 4 spell levels left.
You didn't know any spells.

Dungeon Overview and Level Annotations

Branches:
Dungeon (4/15)
 Temple: D:4-7

Altars:
Gozag
Nemelex Xobeh
Qazlal


Innate Abilities, Weirdness & Mutations

You have sharp fingernails.
You have hoof-like feet.
A weak demonic guardian rushes to your aid.


Message History

You are confused.
You feel invigorated.
The ogre hits you with a giant spiked club.
The scorpion stings you but does no damage.
Drink which item? (? for menu, Esc to quit)
It was a potion of might.
You feel very mighty all of a sudden. The scorpion closely misses you.
You're too confused to move!
You feel less invigorated.
You feel less confused.
The ogre hits you with a giant spiked club!
* * * LOW HITPOINT WARNING * * *
The scorpion stings you.
* * * LOW HITPOINT WARNING * * *
Unknown command.
You slash the ogre!
The ogre is heavily wounded.
You hit the scorpion but do no damage.
The ogre hits you with a giant spiked club!!
You die...

.......#....)....#.#
#.........#...........#
....................####
.......................
##.......†.............
....#..%...##.........
.....<..?.##.........
..#s###...##......... .
#.@Oos#.##.....###.
#.5####..#####.###. #..#
##... #..... #... ###.
###### #... # ....#
....## ....#


You could see an ogre, 2 scorpions, an orc and a friendly crimson imp.

Vanquished Creatures
  A scorpion (D:4)
  The ghost of urm the Chucker, a weakling CeHu of the Shining One (D:3)
  Terence (D:2)
  2 adders (D:2)
  2 worms (D:2)
  An adder skeleton (D:3)
  A giant gecko (D:3)
  2 giant cockroaches
  4 goblins
  6 hobgoblins
  A quokka (D:2)
  2 ball pythons (D:2)
  5 bats
  3 giant newts
  4 jackals (D:1)
  4 kobolds
40 creatures vanquished.

Vanquished Creatures (collateral kills)
  An ice beast (D:3)
  A giant cockroach (D:4)
2 creatures vanquished.

Grand Total: 42 creatures vanquished

Notes
Turn   | Place    | Note
--------------------------------------------------------------
     0 | Abyss:1  | Gargoyl the Demonspawn Abyssal Knight began the quest for the Orb.
     0 | Abyss:1  | Reached XP level 1. HP: 18/18 MP: 2/2
    86 | Abyss:1  | Noticed a raiju
    95 | D:1      | Escaped the Abyss
   148 | D:1      | Found a sparkling altar of Nemelex Xobeh.
   765 | D:1      | Gained mutation: You have large cloven feet. [demonic ancestry]
   765 | D:1      | Reached XP level 2. HP: 22/24 MP: 4/4
   972 | D:2      | Reached skill level 1 in Dodging
  1277 | D:2      | Found an opulent altar of Gozag.
  1433 | D:2      | Reached * piety under Lugonu
  1667 | D:2      | Found a stormy altar of Qazlal.
  1694 | D:2      | Gained mutation: You have sharp fingernails. [demonic ancestry]
  1694 | D:2      | Reached XP level 3. HP: 29/29 MP: 5/5
  1701 | D:2      | Noticed Terence
  1735 | D:2      | Killed Terence
  2139 | D:2      | Gained mutation: A weak demonic guardian rushes to your aid. [demonic ancestry]
  2139 | D:2      | Reached XP level 4. HP: 13/36 MP: 6/6
  2751 | D:3      | Noticed urm's ghost (weakling CeHu)
  2779 | D:3      | Killed urm's ghost
  3050 | D:3      | Noticed an ice beast
  3068 | D:3      | Killed an ice beast
  3068 | D:3      | Gained mutation: You have hoof-like feet. [demonic ancestry]
  3068 | D:3      | Reached XP level 5. HP: 20/42 MP: 7/7
  3546 | D:4      | Noticed an ogre
  3566 | D:4      | Reached skill level 1 in Shields
  3574 | D:4      | Mangled by an ogre

Action                   |  1- 3 |  4- 6 || total
-------------------------+-------+-------++-------
Melee: Hand axe          |   136 |    81 ||   217
Invok: Depart the Abyss  |     1 |       ||     1
  Use: Potion            |       |     4 ||     4
 Stab: Distracted        |       |     1 ||     1
  Eat: Bread ration      |     1 |       ||     1
       Chunk             |     1 |       ||     1
       Pizza             |       |     1 ||     1
       Royal jelly       |       |     1 ||     1
